 Dungeon Crawl Stone Soup version 0.30-a0-748-ge6a52f7cba (webtiles) character file.

Game seed: 1268726280790225064

77 Leeroy the Magician (level 4, -8/23 HPs)
             Began as a Vine Stalker Warper on Feb 8, 2023.
             Mangled by a gnoll
             ... wielding a +0 flail
              (13 damage)
             ... on level 3 of the Dungeon.
             The game lasted 00:01:29 (1527 turns).

Leeroy the Magician (Vine Stalker Warper)           Turns: 1527, Time: 00:01:30

Health: -8/23      AC:  4    Str: 14    XL:     4   Next: 33%
Magic:  0/10       EV: 11    Int: 13    God:
Gold:   94         SH:  0    Dex: 15    Spells: 8/10 levels left

rFire   . . .      SeeInvis .    a - +0 falchion
rCold   . . .      Faith    .    (no shield)
rNeg    . . .      Spirit   +    b - +0 leather armour
rPois   .          Reflect  .    (no helmet)
rElec   .          Harm     .    j - +0 cloak
rCorr   .          Rampage  .    (no gloves)
Will    .....                    (no boots)
Stlth   +                        (no amulet)
HPRegen 1.03/turn                (no ring)
MPRegen 0.12/turn                (no ring)

@: no status effects
A: fangs 2, regeneration 1, magic shield, antimagic bite, no potion heal 2
a: no special abilities


You were on level 3 of the Dungeon.
You visited 1 branch of the dungeon, and saw 3 of its levels.

You collected 94 gold pieces.

Inventory:

Hand Weapons
 a - a +0 falchion (weapon)
 o - the +3 spear "Liackus" {heavy, rC+ Str+3}
   (You found it on level 2 of the Dungeon)

   Str:       It affects your strength (+3).
   rC:        It protects you from cold.
Missiles
 d - 7 boomerangs of dispersal (quivered)
 s - a throwing net
Armour
 b - a +0 leather armour (worn)
 j - a +0 cloak (worn)
Scrolls
 c - a scroll of blinking
 e - 4 scrolls of silence {unknown}
 g - a scroll of immolation {unknown}
 i - 2 scrolls of magic mapping {unknown}
 k - a scroll of enchant weapon {unknown}
 l - a scroll of identify {unknown}
 q - 2 scrolls of enchant armour {unknown}
 t - 2 scrolls of vulnerability {unknown}
Potions
 f - a potion of curing {unknown}
 h - a potion of heal wounds {unknown}
 m - a potion of lignification {unknown}
 n - a potion of degeneration {unknown}
 p - 2 potions of might {unknown}
 r - a potion of invisibility {unknown}


   Skills:
 - Level 1.7 Fighting
 - Level 3.0 Long Blades
 - Level 0.8 Throwing
 - Level 0.7 Armour
 - Level 1.5 Dodging
 + Level 3.7 Spellcasting
 - Level 3.0 Translocations


You had 8 spell levels left.
You knew the following spells:

 Your Spells              Type           Power      Damage    Failure   Level
a - Blink                 Tloc           20%        N/A       12%         2

Your spell library contained the following spells:

 Spells                   Type           Power      Damage    Failure   Level
 Lesser Beckoning         Tloc           20%        N/A       12%         2
 Teleport Other           Tloc           10%        N/A       24%         3
 Vhi's Electric Charge    Tloc/Air       12%        N/A       41%         3
 Manifold Assault         Tloc           10%        N/A       61%         4


Dungeon Overview and Level Annotations

Branches:
Dungeon (3/15)

Altars:


Innate Abilities, Weirdness & Mutations

You have extremely sharp teeth.
Your natural rate of healing is unusually fast.
When hurt, damage is shared between your health and your magic reserves.
Your bite disrupts and absorbs the magic of your enemies.
Potions cannot restore your health.


Message History

The frilled lizard closely misses you.
You hit the frilled lizard.
You kill the frilled lizard!
No target in view!
No target in view!
No target in view!
No target in view!
You see here a frilled lizard corpse.
A goblin is nearby!
You closely miss the goblin. The goblin barely misses you.
You hit the goblin.
You kill the goblin!
No target in view!
No target in view!
No target in view!
Casting: Blink (safe; 12% risk of failure)
Confirm with . or Enter, or press ? or * to list all spells.
Okay, then.
You see here a frilled lizard corpse.
You see here a frilled lizard corpse.
Things that are here:
a +0 dagger; a goblin corpse
Found a stone staircase leading down. 4 gnolls come into view.
The gnoll shouts! x2
The gnoll hits you with a +0 flail!
The gnoll hits you from afar with a +0 halberd.
There are monsters nearby!
You barely miss the gnoll. Your bite misses the gnoll.
The gnoll hits you with a +0 flail.
The gnoll hits you from afar with a +0 halberd.
The gnoll hits you from afar with a +0 halberd!
* * * LOW HITPOINT WARNING * * *
The gnoll hits you with a +0 flail.
* * * LOW HITPOINT WARNING * * *
The gnoll attacks as you move away! The gnoll closely misses you.
The gnoll attacks as you move away! The gnoll closely misses you.
The gnoll attacks as you move away! The gnoll hits you with a +0 flail!
Ouch! That really hurt!
You die...

.#.###[######.#######.#
# .........#.###
.......#......#
#..........#######.#
+..........##......#
#......#......######
#..... ##.##..# ##
###.##### #....@###
#..##.##gg## #.#
#+####g# ..
...ggg........#
##+#########..#


You could see 3 gnolls.

Vanquished Creatures
  3 adders (D:2)
  2 worms (D:2)
  A bat (D:1)
  3 endoplasms
  A giant cockroach (D:3)
  4 goblins
  5 hobgoblins
  4 jackals (D:1)
  3 quokkas (D:1)
  2 ball pythons (D:2)
  13 frilled lizards
  3 kobolds
  A rat (D:2)
45 creatures vanquished.

Vanquished Creatures (others)
  3 plants (D:2)
3 creatures vanquished.

Grand Total: 48 creatures vanquished

Notes
Turn   | Place    | Note
-------+----------+-------------------------------------------
     0 | D:1      | Leeroy the Vine Stalker Warper began the quest for the Orb.
     0 | D:1      | Reached XP level 1. HP: 11/11 MP: 4/4
    62 | D:1      | Reached XP level 2. HP: 7/15 MP: 1/6
   340 | D:1      | Found a faded altar of an unknown god.
   597 | D:2      | Learned a level 2 spell: Blink
   632 | D:2      | Reached XP level 3. HP: 18/18 MP: 7/7
   708 | D:2      | Identified the +3 spear "Liackus" {heavy, rC+ Str+3}
  1104 | D:2      | Gained mutation: Your natural rate of healing is unusually
                  | fast. [Vine Stalker growth]
  1104 | D:2      | Reached XP level 4. HP: 22/23 MP: 7/10
  1527 | D:3      | Mangled by a gnoll

Illustrated notes

Levels and vault maps discovered:
D:1:      ncdulo_lavacross, layout_rooms, ebering_ecumenical_altar_abandoned
D:2:      layout_basic, minmay_lizard_king
D:3:      layout_basic, mainiacjoe_overflow_swirl, interstate_on_off

Skill      XL: |  1  2  3 |
---------------+----------+-----
Long Blades    | 2 3 |  3.0
Spellcasting   | 3 |  3.7
Fighting       | |  1.7
Throwing       | |  0.8
Armour         | |  0.7
Dodging        | |  1.5
Translocations | |  3.0

Action                     |  1- 3 |  4- 6 || total
---------------------------+-------+-------++-------
  Melee: Falchion          |   138 |    17 ||   155
         Bite              |    26 |     3 ||    29
         Punch             |     1 |       ||     1
   Stab: Sleeping          |       |     2 ||     2
 Armour: Leather armour    |    52 |     3 ||    55
  Dodge: Dodged            |   102 |     8 ||   110

Table legend: (Time is in decaauts)
 A = Elapsed time spent in this place.
 B = Non-inter-level travel time spent in this place.
 C = Inter-level travel time spent in this place.
 D = Time resting spent in this place.
 E = Time spent auto-exploring this place.
 F = Levels seen in this place.
 G = Mean time per level.
                   A        B        C        D        E       F      G
               +--------+--------+--------+--------+--------+-----+--------+
         Total |   1550 |   1536 |     14 |      0 |   1212 |   3 |  516.7 |
       Dungeon |   1550 |   1536 |     14 |      0 |   1212 |   3 |  516.7 |
               +--------+--------+--------+--------+--------+-----+--------+

Top non-repeatable levels by time:
     D:2: 928 daAuts
     D:1: 544 daAuts
     D:3: 77 daAuts
